[Event "Late-Titled-Tuesday-Blitz-September-12-2023"]
[Site "Chess.com"]
[Date "2023.09.12"]
[Round "4"]
[White "tteshan"]
[Black "SaqoChess_Twitch"]
[Result "1-0"]
[WhiteElo "2539"]
[BlackElo "2715"]
[TimeControl "180+1"]
[EndTime "14:38:56 PDT"]
[Termination "tteshan won by checkmate"]

1. e4 c5 2. Nf3 d6 3. c3 Nf6 4.
Be2 Bg4 5. O-O e6 6. h3 Bh5 7. Re1 Be7 8. d4 cxd4 9. cxd4 O-O 10. Nc3 Nc6 11. Be3 d5 12. e5 Ne4 13. Nxe4 dxe4 14. Nh2 Bg6 15. Nf1 Qd5 16. Qa4 Rfd8 17. Red1 a6 18.
Rac1 b5 19. Qc2 Nb4 20. Qc7 Rd7 21. Qb6 Bd8 22. Qc5 Nxa2 23. Qxd5 exd5 24. Ra1 Nb4 25. Bxb5 Rb7 26. Be2 Nd3 27. Rd2 a5 28. Bxd3 exd3 29. f4 Rab8 30. Ng3 Be4 31. Nxe4 dxe4 32. d5 Rxb2 33.
Rc1 Rxd2 34. Bxd2 Kf8 35. Kf2 f5 36. d6 Ke8 37. e6 Rb2 38. Ke1 a4 39. Rc8 Rc2 40. Ra8 e3 41. Bxe3 Re2+ 42. Kd1 Rxe3 43. e7 Rxe7 44. dxe7 Kxe7 45. Rxa4 Bb6 46. Kd2 Bf2 47.
Kxd3 h6 48. Ke2 Bg1 49. Kf3 Kf6 50. Rc4 Kf7 51. Rc6 Bd4 52. Ra6 Bg1 53. Ke2 Bh2 54. Ke3 Bg1+ 55. Kd3 Bh2 56. Ra4 Kf6 57. Rd4 Ke6 58. Kc4 g5 59. fxg5 hxg5 60. Rd2 Ke5 61. Kd3 Kf4 62. Ke2 Kg3 63. Kf1 Kh4 64. Rd3 Be5 65.
Kf2 Bb8 66. Rd5 f4 67. Kf3 Kh5 68. Rd8 Be5 69. Rg8 Bf6 70. Rf8 Bc3 71. Rf7 Kg6 72. Rc7 Be5 73. Rc6+ Kf5 74. Rc5 Kg6 75. Kg4 Bf6 76. Rc6 Kf7 77. Kf5 Be7 78. Rc7 Ke8 79. Rxe7+ Kxe7 80. Kxg5 f3 81. gxf3 Kf7 82. f4 Kg7 83. f5 Kf7 84. h4 Kg7 85. f6+ Kf7 86. Kf5 Kf8 87. Kg6 Kg8 88. f7+ Kf8 89. h5 Ke7 90.
Kg7 Ke6 91. f8=Q Ke5 92. h6 Ke4 93. h7 Ke3 94. h8=Q Ke2 95. Qhg8 Kd3 96. Qe7 Kd4 97. Qgd8+ Kc4 98. Qec7+ Kb5 99. Qdb8+ Ka6 100. Qca7# 1-0

[Event "Late-Titled-Tuesday-Blitz-September-12-2023"]
[Site "Chess.com"]
[Date "2023.09.12"]
[Round "4"]
[White "Ready4abattle"]
[Black "MikeSailer"]
[Result "1/2-1/2"]
[WhiteElo "2304"]
[BlackElo "2175"]
[TimeControl "180+1"]
[EndTime "14:39:00 PDT"]
[Termination "Game drawn by repetition"]

1. e4 d5 2. exd5 Qxd5 3. Nc3 Qd6 4. d4 c6 5. Nf3 Bg4 6. Be2 e6 7. Be3 Nf6 8. Qd2 Qc7 9. O-O Bd6 10. h3 Bh5 11. Rfd1 Nbd7 12. a4 a5 13. g4 Bg6 14.
Nh4 Nb6 15. Kg2 Nbd5 16. Nxd5 Nxd5 17. Nxg6 hxg6 18. c4 Nf4+ 19. Bxf4 Bxf4 20. Qd3 O-O 21. Ra3 Rad8 22. Qe4 g5 23. c5 e5 24. Rb3 Rxd4 25. Rxd4 exd4 26. Bd3 g6 27. Qxd4 Rd8 28. Qc4 Kg7 29.
Rb6 Rd7 30. Qc3+ Be5 31. Qc2 Bd4 32. Be4 Qf4 33. Bf3 Be5 34. Qe4 Qh2+ 35. Kf1 Qxh3+ 36. Ke2 Qh2 37. Rb3 Bf4 38. Rd3 Rxd3 39. Qxd3 Qg1 40. Qc3+ Kg8 41. Qxa5 Qc1 42. Qb4 Qc2+ 43. Kf1 Qc1+ 44.
Kg2 Qc2 45. Qe4 Qxb2 46. Qe8+ Kg7 47. Qe4 Qe5 48. Qb4 Qa1 49. Qxb7 Qe5 50. Qxc6 Qe1 51.
Qe4 Qxe4 52. Bxe4 Kf6 53. a5 Bb8 54. c6 Ke6 55. a6 Kd6 56. Kf3 Ba7 57. Ke2 Bb6 58.
f3 Ba7 59. Kd3 Bb6 60. Kc4 Ba7 61. Kb5 Kc7 62. Bd5 f5 63. Be6 fxg4 64. fxg4 Bb6 65. Bf7 Ba7 66. Bxg6 Bb6 67. Bf5 Ba7 68. Bd3 Bb6 69. Be4 Ba7 70. Kc4 Bb6 71. Kd5 Be3 72.
Ke5 Bf4+ 73. Ke6 Be3 74. a7 Bxa7 75. Kf5 Be3 76. Kf6 Bc1 77. Kf5 Bd2 78. Kf6 Bc1 79.
Kf5 Bd2 80. Kf6 Bc1 1/2-1/2

[Event "Late-Titled-Tuesday-Blitz-September-12-2023"]
[Site "Chess.com"]
[Date "2023.09.12"]
[Round "4"]
[White "vladislavkovalev"]
[Black "Firouzja2003"]
[Result "1/2-1/2"]
[WhiteElo "2904"]
[BlackElo "3078"]
[TimeControl "180+1"]
[EndTime "14:39:09 PDT"]
[Termination "Game drawn by stalemate"]

1. e4 c6 2. d4 d5 3. exd5 cxd5 4. Bd3 Nf6 5. h3 Nc6 6. c3 e5 7. dxe5 Nxe5 8. Nf3 Nxd3+ 9. Qxd3 Bd6 10. O-O O-O 11.
Bg5 h6 12. Bh4 g5 13. Bg3 Bxg3 14. fxg3 Ne4 15. Nd4 Qb6 16. Nd2 Qxb2 17. Nxe4 dxe4 18.
Qxe4 Qxc3 19. g4 Bd7 20. Rac1 Qb4 21. Rf6 Rfe8 22. Qd5 Be6 23. Nxe6 Qb6+ 24. Kh2 Rxe6 25. Rxe6 fxe6 26. Qd3 Qb2 27. Qg6+ Qg7 28. Qxe6+ Kh8 29. Rd1 Rf8 30. Rd6 b6 31. Rd7 Qf6 32. Qe4 Qf4+ 33.
Qxf4 Rxf4 34. Rxa7 Rb4 35. Kg3 Kg8 36. Kf3 Rf4+ 37.
Ke3 Rb4 38. g3 Rb1 39. h4 Rg1 40. Kf3 Rf1+ 41. Ke4 Rf6 42. h5 Rf1 43. a4 Rc1 44.
Kf5 Rc5+ 45. Kf6 Rc6+ 46. Ke5 Rc4 47. Kf5 Rc5+ 48. Ke4 Rc4+ 49. Kf3 Rc3+ 50. Kf2 Rc2+ 51. Ke3 Rc3+ 52. Ke4 Rc4+ 53. Kd5 Rxg4 54. Kc6 Rxg3 55.
Kxb6 Rb3+ 56. Kc5 g4 57. Ra6 Kh7 58. a5 g3 59. Rg6 Ra3 60. Kb4 Rf3 61. a6 Rf4+ 62.
Kb5 Rf5+ 63. Kb6 Rg5 64. a7 g2 65. Rxg5 hxg5 66. a8=Q g1=Q+ 67. Kb5 Qb1+ 68. Kc4 Qc2+ 69. Kd4 Qd1+ 70. Ke3 Qxh5 71. Kf2 Qh4+ 72. Kg2 Qg4+ 73. Kf2 Qf5+ 74. Kg3 Qf4+ 75. Kg2 Qg4+ 76. Kf2 Qd4+ 77. Kg3 Qe5+ 78. Kg2 Kg6 79. Qc6+ Kf5 80. Qf3+ Qf4 81.
Qxf4+ Kxf4 82. Kf2 Kg4 83. Kg2 Kh4 84. Kh2 Kg4 85.
Kg2 Kf4 86. Kf2 g4 87. Kg2 g3 88. Kg1 Kg5 89. Kg2 Kg4 90. Kg1 Kh3 91. Kh1 Kh4 92. Kg2 Kg4 93. Kg1 Kf3 94. Kf1 g2+ 95. Kg1 Kg3 1/2-1/2

[Event "Late-Titled-Tuesday-Blitz-September-12-2023"]
[Site "Chess.com"]
[Date "2023.09.12"]
[Round "4"]
[White "GMBenjaminBok"]
[Black "temus_galaktionov"]
[Result "0-1"]
[WhiteElo "3018"]
[BlackElo "2845"]
[TimeControl "180+1"]
[EndTime "14:39:09 PDT"]
[Termination "temus_galaktionov won on time"]

1. d4 c6 2. c4 g6 3. Nf3 d6 4. Nc3 Bg7 5. g3 Nd7 6. Bg2 Ngf6 7. O-O O-O 8. e4 e5 9. Be3 a5 10. h3 exd4 11. Nxd4 Nc5 12. Qc2 a4 13. Rad1 Qa5 14.
Rfe1 Re8 15. Bf4 Rd8 16. Nf3 Ne8 17. Bg5 Rd7 18. a3 Qa6 19. Bf1 h6 20. Bf4 Kh7 21.
h4 Kg8 22. Qd2 h5 23. Bh6 Qb6 24. Bxg7 Kxg7 25. Re2 Rd8 26. Qd4+ Kg8 27. Red2 Bg4 28. Be2 Qc7 29. Qe3 Nb3 30. Rd3 Nc5 31. R3d2 Nb3 32. Rc2 Nc5 33. Ng5 Nf6 34. Qf4 Qe7 35. Bxg4 Nxg4 36. Nf3 Ne5 37. Nxe5 dxe5 38. Qe3 Rxd1+ 39.
Nxd1 Rd8 40. Nc3 Rd4 41. Rd2 Qd6 42. Nb1 Nb3 43. Rxd4 exd4 44. Qf4 Qc5 45. Nd2 Nxd2 46. Qxd2 Qxc4 47. Qg5 d3 48. Qd8+ Kh7 49. e5 b5 50.
Qd7 Kg7 51. e6 Qxe6 52. Qxd3 Qe5 53. Qc2 Qd5 54. Qc3+ Kf8 55. Qf6 Ke8 56. Qc3 Ke7 57. f3 Kd6 58. Kg2 Qe5 59. Qd3+ Kc7 60. Qc2 c5 61.
Qd2 Kc6 62. Kh2 Qd4 63. Qe2 Kb6 64. Kh3 Qd7+ 65. Kh2 Qe6 66. Qd2 Kc6 67. Kg2 Qd5 68. Qe2 Kb6 69. Qe1 Qd4 70. Qe2 b4 71. Kh3 Qd7+ 72. g4 bxa3 73. bxa3 Qe6 74. Qb2+ Qb3 75. Qf6+ Kb5 76. gxh5 gxh5 77. Qf5 Qxa3 78. Qxh5 Qb3 79. Qf5 a3 80. h5 a2 81. Qf6 Qb1 82. Qxf7 a1=Q 83. Qb7+ Kc4 84. Qf7+ Kd3 85. Qg6+ Kd2 86. Qg2+ Kc3 87. Qg7+ Kb3 88. Qb7+ Kc2 89. Qe4+ Kd2 90.
Qf4+ Ke2 91. Qh2+ Ke3 0-1

[Event "Late-Titled-Tuesday-Blitz-September-12-2023"]
[Site "Chess.com"]
[Date "2023.09.12"]
[Round "4"]
[White "vugarrasulov"]
[Black "WaybackBoy"]
[Result "1/2-1/2"]
[WhiteElo "2951"]
[BlackElo "2723"]
[TimeControl "180+1"]
[EndTime "14:39:09 PDT"]
[Termination "Game drawn - insufficient material"]

1. d4 Nf6 2. c4 e6 3. Nc3 Bb4 4. g3 O-O 5. Bg2 d5 6. a3 Bxc3+ 7. bxc3 c5 8. cxd5 exd5 9. Nf3 c4 10. O-O Nc6 11.
Bg5 h6 12. Bxf6 Qxf6 13. Nd2 Be6 14. e4 dxe4 15. Nxe4 Qf5 16. Nd6 Qf6 17. Nxb7 Bf5 18. Qa4 Rac8 19. Nc5 h5 20. h4 Rfd8 21. Rfe1 Qg6 22.
Qxc4 Bc2 23. Qe2 Na5 24. Be4 Bxe4 25. Qxe4 Qf6 26. Qe2 g6 27. Rad1 Qf5 28. Qe4 Qf6 29.
Qe5 Qf3 30. Rd3 Qc6 31. Qe4 Qxe4 32. Nxe4 Nc4 33. Ra1 Ne5 34. Rdd1 Nc4 35. Kg2 Kg7 36. Nc5 Nxa3 37. Ne6+ fxe6 38. Rxa3 Rc7 39. Rda1 Kf6 40.
Rb3 Rdc8 41. Raa3 Rd8 42. Kf3 Rd5 43. Ke4 Rd6 44. Kd3 e5 45. Ra4 exd4 46. Rxd4 Re6 47. Rf4+ Kg7 48. Rb8 Rd7+ 49. Kc2 Re2+ 50. Kb3 Re1 51.
Ra8 Rb1+ 52. Kc2 Re1 53. Kb2 Re2+ 54. Kb3 Re1 55. Ra4 Rb1+ 56. Kc2 Rbb7 57. Ra6 Rbc7 58.
Rb8 Re7 59. Rb2 Re2+ 60. Kb1 Re1+ 61. Ka2 Rc1 62. Ra3 R1xc3 63. Rxc3 Rxc3 64. Re2 Rc7 65. Kb2 Kf6 66. Re3 Kf5 67. Ra3 Ke4 68. Ra6 Rg7 69.
Rf6 Kd3 70. Kb3 Ke2 71. Kb4 g5 72. Rf5 gxh4 73. gxh4 Rg4+ 74. Kc3 Rxh4 75. Rf7 a5 76. f4 a4 77. f5 a3 78. Kb3 Rh3+ 79. Ka2 Rf3 80. f6 h4 81. Rh7 h3 82. f7 Kf2 83.
Rxh3 Rxf7 84. Rxa3 Rf3 85. Rxf3+ Kxf3 1/2-1/2

[Event "Late-Titled-Tuesday-Blitz-September-12-2023"]
[Site "Chess.com"]
[Date "2023.09.12"]
[Round "4"]
[White "robertoalejandro10"]
[Black "chess94cu"]
[Result "0-1"]
[WhiteElo "2507"]
[BlackElo "2683"]
[TimeControl "180+1"]
[EndTime "14:39:17 PDT"]
[Termination "chess94cu won by checkmate"]

1. Nf3 Nf6 2. b3 d6 3. Bb2 Nbd7 4. c4 e5 5. g3 b6 6. Bg2 Bb7 7. O-O Be7 8. Nc3 O-O 9. d4 Re8 10. dxe5 dxe5 11. Qc2 Qc8 12. Rfd1 Bf8 13. Nd5 Nxd5 14. cxd5 e4 15. Ng5 f5 16. Ne6 Nc5 17. Bh3 Nxe6 18. Bxf5 Nd4 19. Bxc8 Nxc2 20. Bxb7 Nxa1 21. Bxa8 Rxa8 22.
Rxa1 Rd8 23. Rc1 Rxd5 24. Rxc7 Rd2 25. Be5 Rxa2 26. e3 h6 27. Rb7 Ra3 28. Rb8 Kf7 29.
Rxf8+ Ke6 30. Ra8 Kxe5 31. Kg2 a5 32. Re8+ Kf6 33. Rxe4 Rxb3 34. Rf4+ Ke6 35. Re4+ Kd5 36. Rd4+ Kc5 37. Rd8 a4 38. Ra8 a3 39. e4 Kb4 40.
e5 Rc3 41. f4 Kb3 42. Rb8 Rc6 43. Ra8 a2 44. Kf3 b5 45. Ke4 b4 46. Kd5 Rb6 47. e6 Rb7 48. Kd6 Kb2 49. e7 Rxe7 50. Kxe7 a1=Q 51. Rxa1 Kxa1 52. Kf7 b3 53. Kxg7 b2 54.
f5 b1=Q 55. f6 Qf5 56. f7 Qg5+ 57. Kh8 Qf6+ 58. Kg8 Qg6+ 59. Kf8 h5 60. Ke7 Qe4+ 61.
Kf6 Qf3+ 62. Ke7 Qe4+ 63. Kf6 Qa8 64. Kg7 Qb7 65. Kg6 Qc8 66. Kg7 Qd7 67. Kg8 Qe6 68. Kg7 Qe7 69. Kg8 Qg5+ 70. Kh7 Qf6 71. Kg8 Qg6+ 72.
Kf8 Kb2 73. Ke7 Qg7 74. Ke6 Qf8 75. Kf6 Kc3 76. h3 Kd4 77. g4 hxg4 78. hxg4 Kd5 79.
g5 Qh8+ 80. Ke7 Qg7 81. g6 Ke5 82. Ke8 Ke6 83. f8=Q Qd7# 0-1

[Event "Late-Titled-Tuesday-Blitz-September-12-2023"]
[Site "Chess.com"]
[Date "2023.09.12"]
[Round "4"]
[White "lgsalazar94"]
[Black "azikom"]
[Result "0-1"]
[WhiteElo "2465"]
[BlackElo "2657"]
[TimeControl "180+1"]
[EndTime "14:39:18 PDT"]
[Termination "azikom won by checkmate"]

1. d4 d5 2. c4 c6 3. Nf3 Nf6 4. Nc3 dxc4 5. a4 Bf5 6. Ne5 e6 7. f3 Nbd7 8. e4 Bg6 9. Nxc4 a5 10. Be2 Bb4 11. O-O O-O 12. Be3 h6 13. Qb3 Qc7 14. Rac1 Rfd8 15. Rfd1 e5 16. dxe5 Nxe5 17. Rxd8+ Rxd8 18. Bb6 Qb8 19. Nxe5 Qxe5 20. Bxd8 Qd4+ 21. Kh1 Qxd8 22. e5 Nh5 23. e6 fxe6 24. Qxe6+ Bf7 25. Qe3 Qh4 26. Ne4 Nf4 27. Bc4 Nd5 28. Bxd5 cxd5 29. Ng3 Qf6 30. b3 d4 31. Qd3 Bg6 32. Ne4 Qe5 33.
Rd1 Bc3 34. Qc4+ Bf7 35. Qc8+ Kh7 36. Qg4 Bxb3 37. Rb1 Be6 38. Qh4 Bb4 39. Rd1 Bb3 40. Rb1 Bc2 41. Rc1 d3 42. Qf2 Qb2 43. Rg1 Ba3 44.
Qh4 Qe5 45. Qf2 Bxa4 46. Qd2 Bc2 47. Rf1 Bb4 48. Rg1 b5 49. Qf2 a4 50. Qh4 Be7 51.
Qg3 Qxg3 52. hxg3 a3 53. Nd2 b4 54. Ra1 b3 55. Kg1 b2 56. Rf1 a2 57. Nb3 a1=Q 58. Nxa1 bxa1=Q 59. Rxa1 d2 60. Kf2 d1=Q 61. Rxd1 Bxd1 62. g4 Ba4 63. Kg3 Bb5 64. Kf4 Bd6+ 65. Kf5 Bb8 66. Ke4 Bd7 67. f4 Bc8 68. g3 Bb7+ 69.
Kf5 Bc8+ 70. Ke4 Bxg4 71. Ke3 h5 72. Ke4 Kg6 73. Ke3 Kf6 74. Ke4 g6 75. Ke3 Kf5 76. Kf2 Ba7+ 77. Kg2 Ke4 78. Kh2 Kf3 79. f5 Bxf5 80.
Kh1 Ke4 81. Kh2 Bb8 82. Kg2 Bg4 83. Kh2 g5 84. Kg2 Ke3 85. Kh2 Kf3 86. Kg1 Kxg3 87.
Kh1 h4 88. Kg1 h3 89. Kh1 Bf3+ 90. Kg1 h2+ 91. Kf1 h1=Q# 0-1

[Event "Late-Titled-Tuesday-Blitz-September-12-2023"]
[Site "Chess.com"]
[Date "2023.09.12"]
[Round "4"]
[White "rasmussvane"]
[Black "cassoulet"]
[Result "1-0"]
[WhiteElo "2993"]
[BlackElo "2776"]
[TimeControl "180+1"]
[EndTime "14:39:27 PDT"]
[Termination "rasmussvane won by resignation"]

1. Nf3 Nf6 2. g3 g6 3. Bg2 Bg7 4. O-O O-O 5. d4 d6 6. Re1 Nbd7 7. e4 c5 8. e5 Ne8 9. dxc5 Nxc5 10. Nc3 Bg4 11.
exd6 Nxd6 12. Bg5 Ne6 13. Bc1 Nd4 14. Be3 N6f5 15. Bxd4 Nxd4 16. Re4 Bxf3 17. Bxf3 Nxf3+ 18. Qxf3 e6 19. Rb4 b6 20. Rc4 Qe7 21. Rd1 Rad8 22. Kg2 Rxd1 23. Nxd1 Rd8 24. c3 h5 25. Ne3 Rd2 26.
Rc8+ Kh7 27. Rb8 Rd7 28. a4 Bh6 29. Nc4 e5 30. Qe4 Bg7 31. Ne3 Qe6 32. Qc4 Qd6 33.
Rc8 Bh6 34. Qe4 f5 35. Qa8 Bxe3 36. fxe3 a5 37. Kh3 Kh6 38. Rh8+ Kg5 39. Qf3 Qd3 40.
Rg8 Rd6 41. Rf8 Qc4 42. Re8 Qg4+ 43. Qxg4+ hxg4+ 44. Kg2 Rd2+ 45. Kg1 Rxb2 46. Rxe5 Rb3 47. Re6 Rxc3 48. Rxb6 Rxe3 49. Rb5 Ra3 50. Rxa5 Kf6 51. Ra6+ Kg5 52. Ra5 Ra2 53. Ra6 Kh5 54. Ra8 Kg5 55. Ra5 Kf6 56. Ra6+ Ke5 57. Rxg6 Ke4 58. Rb6 Rxa4 59. Rb2 Ra3 60. Kg2 Rd3 61. Re2+ Re3 62. Rf2 Rd3 63. Re2+ Kd4 64. Ra2 Ke3 65. Ra5 Rd2+ 66.
Kg1 Rd4 67. Rxf5 Rc4 68. Rf1 Ke2 69. Rf2+ Ke3 70. Kg2 Rc1 71. Rf4 Rc2+ 72. Kg1 Rc1+ 73. Rf1 Rc2 74. Kh1 Rb2 75. Kg1 Rc2 76. Re1+ Kf3 77.
Ra1 Rc3 78. Rf1+ Ke3 79. Rf2 Rc1+ 80. Kg2 Rc4 81. Ra2 Rc3 82. h4 gxh3+ 83. Kxh3 Rc8 84. Ra4 Rh8+ 85. Kg2 Rh7 86. g4 Rf7 87. Kg3 Rh7 88.
g5 Rh1 89. Kg4 Rg1+ 90. Kf5 Rf1+ 91. Ke5 Rg1 92. Kf6 Rf1+ 93. Kg7 Rb1 94. g6 Rb7+ 95. Kh6 Rb6 96. Kh7 Rb7+ 97. g7 Kf3 98. Kh8 Rxg7 99.
Kxg7 1-0

[Event "Late-Titled-Tuesday-Blitz-September-12-2023"]
[Site "Chess.com"]
[Date "2023.09.12"]
[Round "4"]
[White "Jospem"]
[Black "BogdanDeac"]
[Result "0-1"]
[WhiteElo "3093"]
[BlackElo "2953"]
[TimeControl "180+1"]
[EndTime "14:39:45 PDT"]
[Termination "BogdanDeac won on time"]

1. e4 e5 2. Nf3 Nf6 3. Nc3 Nc6 4. h3 Bb4 5. Bd3 O-O 6. O-O Re8 7. Re1 h6 8. Nd5 Bf8 9. Nxf6+ Qxf6 10. c3 a5 11.
a4 Bc5 12. Bc4 d6 13. d3 Be6 14. Be3 Bxe3 15. Rxe3 Bxc4 16. dxc4 Qe6 17. Nd2 b6 18. Qe2 f5 19. exf5 Qxf5 20. Ne4 Rf8 21. Qd3 Ne7 22. Rf3 Qe6 23. Rxf8+ Rxf8 24. Re1 Ng6 25.
b3 Nf4 26. Qg3 Qf5 27. f3 Ne6 28. Qf2 Nf4 29. Qd2 Qg6 30. Kh2 Qf7 31. Rd1 Kh8 32. Re1 Qe6 33. Re3 Qf7 34. Re1 Qe6 35. Rf1 Qf7 36. Rf2 Qg6 37. b4 Qf7 38. c5 bxc5 39.
bxc5 d5 40. Ng3 Qe8 41. c4 Qxa4 42. cxd5 Qd4 43. d6 cxd6 44. cxd6 Nd3 45. Re2 Qxd6 46. Qxa5 Nf4 47. Qxe5 Qxe5 48. Rxe5 Rf7 49. Re4 Kh7 50. Ra4 g5 51. Ne4 Rb7 52. Ra2 Kg7 53. Nd6 Rd7 54.
Ne4 Kg6 55. Kg3 Nh5+ 56. Kf2 Nf4 57. Ra6+ Kg7 58. Kg3 Rb7 59. Ra2 Rb4 60. h4 Nh5+ 61. Kh3 gxh4 62. Rc2 Nf4+ 63. Kxh4 Ng6+ 64. Kg3 h5 65. Rc7+ Kh6 66. Rc6 Rb2 67. f4 h4+ 68. Kh3 Kg7 69. f5 Nf4+ 70. Kg4 Nxg2 71. Rc7+ Kf8 72. Ng5 Ne3+ 73. Kf4 Nd5+ 74. Kg4 Nxc7 75.
Kxh4 Rb3 76. Kh5 Rb6 77. Ne4 Ne8 78. Kg5 Ke7 79. Nc5 Nf6 80. Ne6 Rb1 81. Nd4 Rg1+ 82. Kf4 Rf1+ 83. Kg5 Ne4+ 84. Kg4 Kf6 85. Nc2 Rxf5 86.
Ne3 Ra5 87. Kf4 Nd6 88. Nc2 Ra4+ 89. Ke3 Ke5 90. Kd3 Nb5 91. Ne3 Ra3+ 92. Kd2 Ke4 93. Nc4 Rd3+ 94. Ke2 Nd4+ 95. Kf2 Rc3 96. Nd6+ Kf4 97.
Kg2 Rc2+ 98. Kf1 Nf3 99. Ne4 Rc1+ 0-1

[Event "Late-Titled-Tuesday-Blitz-September-12-2023"]
[Site "Chess.com"]
[Date "2023.09.12"]
[Round "5"]
[White "maksimys18"]
[Black "ashookk"]
[Result "1-0"]
[WhiteElo "2491"]
[BlackElo "2352"]
[TimeControl "180+1"]
[EndTime "14:47:27 PDT"]
[Termination "maksimys18 won by resignation"]

1. d4 Nf6 2. Nf3 g6 3. c4 c5 4. d5 b5 5. Qc2 Bg7 6. e4 d6 7. Be2 O-O 8. O-O bxc4 9. Nc3 a5 10. Bg5 Na6 11. Bxc4 Nb4 12. Qe2 Ba6 13. Bxa6 Nxa6 14. Rad1 Nd7 15. h3 Rb8 16. Qxa6 1-0

[Event "Late-Titled-Tuesday-Blitz-September-12-2023"]
[Site "Chess.com"]
[Date "2023.09.12"]
[Round "5"]
[White "talaicito"]
[Black "Taran2004"]
[Result "0-1"]
[WhiteElo "2206"]
[BlackElo "2417"]
[TimeControl "180+1"]
[EndTime "14:47:33 PDT"]
[Termination "Taran2004 won by checkmate"]

1. d4 Nf6 2. Nc3 d5 3. Bf4 g6 4. e3 Bg7 5. Nf3 O-O 6. Ne5 c5 7. h4 h5 8. f3 Nc6 9. Qd2 Qb6 10. O-O-O Bf5 11. g4 hxg4 12. fxg4 Nxg4 13. Nxg4 Bxg4 14. Be2 cxd4 15. Nxd5 dxe3 16. Bxe3 Qxb2# 0-1

[Event "Late-Titled-Tuesday-Blitz-September-12-2023"]
[Site "Chess.com"]
[Date "2023.09.12"]
[Round "5"]
[White "Alexei_Gubajdullin"]
[Black "stasOR4ik"]
[Result "1-0"]
[WhiteElo "2601"]
[BlackElo "2439"]
[TimeControl "180+1"]
[EndTime "14:48:41 PDT"]
[Termination "Alexei_Gubajdullin won by resignation"]

1. d4 d5 2. Nf3 Nf6 3. Bf4 Bg4 4. Nbd2 e6 5. e3 c5 6. c3 Nc6 7. Qb3 Qb6 8. Ne5 Nxe5 9. dxe5 Nd7 10. Bb5 Be7 11.
c4 Qc7 12. cxd5 exd5 13. e6 Qa5 14. Bxd7+ Kf8 15. Qxb7 Rd8 16. Bc7 1-0

[Event "Late-Titled-Tuesday-Blitz-September-12-2023"]
[Site "Chess.com"]
[Date "2023.09.12"]
[Round "5"]
[White "KamlaPasand"]
[Black "DvaHrasta"]
[Result "0-1"]
[WhiteElo "2284"]
[BlackElo "2473"]
[TimeControl "180+1"]
[EndTime "14:48:53 PDT"]
[Termination "DvaHrasta won by resignation"]

1. e4 c6 2. d4 d5 3. Nc3 dxe4 4. Nxe4 Bf5 5. Ng3 Bg6 6. h4 h6 7. Nf3 Nd7 8. h5 Bh7 9. Bd3 Bxd3 10. Qxd3 Ngf6 11. Bd2 e6 12. O-O-O Be7 13. c4 b5 14. cxb5 cxb5 15. Qxb5 O-O 16. Kb1 Rb8 17. Qd3 Qb6 18.
Bc3 Rfc8 19. Rd2 Nd5 20. Ne4 f5 21. Nc5 Bxc5 22. dxc5 Nxc5 23. Qd4 Nxc3+ 24. Qxc3 Ne4 25. Qe5 Rc5 26. Qf4 Rb5 27. Rdd1 Rxb2+ 28. Ka1 Rxa2+ 29. Kxa2 0-1

[Event "Late-Titled-Tuesday-Blitz-September-12-2023"]
[Site "Chess.com"]
[Date "2023.09.12"]
[Round "5"]
[White "ace_mar"]
[Black "ritanovikova"]
[Result "1-0"]
[WhiteElo "2535"]
[BlackElo "2124"]
[TimeControl "180+1"]
[EndTime "14:49:01 PDT"]
[Termination "ace_mar won by resignation"]

1. e4 d5 2. exd5 Qxd5 3. Nc3 Qe5+ 4. Be2 Nf6 5. Nf3 Qd6 6. d4 a6 7. Ne5 Nc6 8. Nxc6 Qxc6 9. O-O Bf5 10. Bf3 Qb6 11.
Re1 c6 12. Na4 Qc7 13. c4 e6 14. g3 Bd6 15. c5 Be7 16. Bf4 Qa5 17. Bd2 Qd8 18.
Nb6 Ra7 19. Ba5 Qd7 20. Nxd7 1-0

[Event "Late-Titled-Tuesday-Blitz-September-12-2023"]
[Site "Chess.com"]
[Date "2023.09.12"]
[Round "5"]
[White "simplerXiao"]
[Black "chessprincesa1"]
[Result "1-0"]
[WhiteElo "2514"]
[BlackElo "2268"]
[TimeControl "180+1"]
[EndTime "14:49:33 PDT"]
[Termination "simplerXiao won by resignation"]

1. e4 c5 2. Nf3 d6 3. d4 cxd4 4. Nxd4 Nf6 5. Nc3 a6 6. Be3 e5 7. Nde2 b5 8. Ng3 Be7 9. Be2 O-O 10. Qd2 Be6 11. Nd5 Nxd5 12. exd5 Bd7 13. O-O a5 14. f4 exf4 15. Bxf4 Na6 16. Kh1 Nc5 17. Nh5 Ne4 18.
Qd4 Nf6 19. Ng3 Rc8 20. Bd3 Qc7 21. Ne4 Qc5 22. Nxc5 1-0

[Event "Late-Titled-Tuesday-Blitz-September-12-2023"]
[Site "Chess.com"]
[Date "2023.09.12"]
[Round "5"]
[White "FairChess_on_YouTube"]
[Black "h4parah5"]
[Result "1-0"]
[WhiteElo "3069"]
[BlackElo "2949"]
[TimeControl "180+1"]
[EndTime "14:50:02 PDT"]
[Termination "FairChess_on_YouTube won by resignation"]

1. e4 e5 2. Nf3 Nc6 3. Bb5 a6 4. Ba4 Bc5 5. O-O Nge7 6. c3 Ba7 7. d4 Ng6 8. Bg5 f6 9. Be3 O-O 10. Nbd2 d6 11. Re1 Kh8 12. a3 a5 13. b4 axb4 14. axb4 Nce7 15. Bb3 Bd7 16. h3 Bb6 17. Nc4 Ba7 18.
Rxa7 Rxa7 19. dxe5 Ra8 20. exd6 Nc8 21. e5 fxe5 22.
Bg5 Qe8 23. dxc7 Be6 24. Ncxe5 Bxb3 25. Qxb3 Nxe5 26. Nxe5 Nd6 27. Be7 1-0

[Event "Late-Titled-Tuesday-Blitz-September-12-2023"]
[Site "Chess.com"]
[Date "2023.09.12"]
[Round "5"]
[White "Zeck_CH"]
[Black "expii"]
[Result "0-1"]
[WhiteElo "2414"]
[BlackElo "2258"]
[TimeControl "180+1"]
[EndTime "14:50:11 PDT"]
[Termination "expii won by resignation"]

1. c4 Nf6 2. Nc3 g6 3. g3 Bg7 4. Bg2 O-O 5. e4 d6 6. Nge2 c5 7. h3 Nc6 8. a3 Be6 9. d3 Nd7 10. Be3 Nd4 11. Bxd4 cxd4 12. Nb5 Qb6 13. a4 a6 14. a5 Qc5 15. Na3 Qxa5+ 16. Kf1 Qc5 17. Rb1 b5 18. b4 Qc7 19. cxb5 axb5 20. Nxb5 Qb6 21. Nf4 Qxb5 22. Kg1 Ne5 23. Kh2 g5 24. Nh5 Qxd3 25. Qe1 Ra2 26. Rd1 Nf3+ 27. Bxf3 Qxf3 0-1

[Event "Late-Titled-Tuesday-Blitz-September-12-2023"]
[Site "Chess.com"]
[Date "2023.09.12"]
[Round "5"]
[White "MathiasCasalaspro"]
[Black "younix2022"]
[Result "1/2-1/2"]
[WhiteElo "2247"]
[BlackElo "2064"]
[TimeControl "180+1"]
[EndTime "14:50:17 PDT"]
[Termination "Game drawn by repetition"]

1. e4 c5 2. Nf3 e6 3. d4 cxd4 4.
Nxd4 Nf6 5. Nc3 Nc6 6. Nxc6 bxc6 7. e5 Nd5 8. Ne4 Qc7 9. f4 Bb4+ 10.
c3 Be7 11. Nd6+ Bxd6 12. exd6 Qxd6 13. c4 Qb4+ 14. Bd2 Qxb2 15. cxd5 cxd5 16. Rb1 Qxa2 17.
Qc1 O-O 18. Bb5 d4 19. Bc4 Qa4 20. Bb5 Qa2 21. Bc4 Qa4 22. Bb5 Qa2 1/2-1/2

[Event "Late-Titled-Tuesday-Blitz-September-12-2023"]
[Site "Chess.com"]
[Date "2023.09.12"]
[Round "5"]
[White "BillieKimbah"]
[Black "chess94cu"]
[Result "1-0"]
[WhiteElo "3026"]
[BlackElo "2681"]
[TimeControl "180+1"]
[EndTime "14:50:26 PDT"]
[Termination "BillieKimbah won by resignation"]

1. d4 Nf6 2. Nf3 e6 3. Bg5 c5 4. d5 exd5 5. e3 Nc6 6. Nc3 Be7 7. Nxd5 Nxd5 8. Qxd5 Nb4 9. Bxe7 Qxe7 10. Qd2 O-O 11. a3 Nc6 12. O-O-O Rd8 13. Qd6 Qxd6 14. Rxd6 Kf8 15. Bc4 Ke7 16. Rhd1 f6 17. g4 b6 18. g5 Bb7 19. gxf6+ gxf6 20. Nh4 Nd4 21. R1xd4 cxd4 22. Nf5+ Ke8 23. Rxf6 d5 24. Bb5+ Rd7 25. exd4 Rd8 26. Kd2 Bc8 27. Ke3 a6 28. Bc6 b5 29. Kf4 Bb7 30.
Bxd7+ Rxd7 31. Ke5 Rc7 32. Nd6+ Kd8 33. Rf8+ Kd7 34.
Rf7+ Kc6 35. Rxc7+ Kxc7 36. Nxb7 Kxb7 37. Kxd5 1-0

[Event "Late-Titled-Tuesday-Blitz-September-12-2023"]
[Site "Chess.com"]
[Date "2023.09.12"]
[Round "5"]
[White "cassoulet"]
[Black "Perecke"]
[Result "1-0"]
[WhiteElo "2779"]
[BlackElo "2507"]
[TimeControl "180+1"]
[EndTime "14:50:26 PDT"]
[Termination "cassoulet won by resignation"]

1. d4 Nf6 2. Bg5 Ne4 3. Bf4 c5 4. Nd2 Nxd2 5. Qxd2 cxd4 6. Bxb8 Rxb8 7. Qxd4 Qa5+ 8. c3 e5 9. Qd2 d5 10. e3 Be7 11. Nf3 f6 12. Be2 O-O 13. O-O Be6 14.
Rfd1 Rfd8 15. h3 b5 16. a3 Qb6 17. Qc2 g6 18. e4 d4 19. cxd4 exd4 20. Bd3 Rbc8 21. Qe2 Rc5 22. b4 Rc3 23. e5 f5 24.
Bxb5 a5 25. bxa5 Qxa5 26. Nxd4 Bb3 27. Nxb3 1-0

[Event "Late-Titled-Tuesday-Blitz-September-12-2023"]
[Site "Chess.com"]
[Date "2023.09.12"]
[Round "5"]
[White "Msb2"]
[Black "farzadbfd"]
[Result "1-0"]
[WhiteElo "3104"]
[BlackElo "2705"]
[TimeControl "180+1"]
[EndTime "14:50:34 PDT"]
[Termination "Msb2 won by checkmate"]

1. d4 Nf6 2. c4 e6 3. Nc3 d5 4.
cxd5 exd5 5. Bg5 c6 6. e3 Be7 7.
Bd3 O-O 8. h3 Re8 9. Nf3 Be6 10.
O-O Nbd7 11. Bf4 Nf8 12. Ne5 N6d7 13. Nf3 Nf6 14. Bg3 Bd6 15. Ne5 a6 16. Rc1 Qe7 17.
f4 Rad8 18. Bh4 Bc8 19. Kh1 Ng6 20. Bg5 c5 21. Nxd5 Qe6 22. Nxf6+ gxf6 23. f5 Qd5 24. Bc4 Qe4 25. fxg6 hxg6 26. Bxf7+ Kf8 27. Bxg6 Qd5 28. Rxf6+ Kg7 29. Rf7+ Kg8 30. Bh7+ Kh8 31. Ng6# 1-0